 Dungeon Crawl Stone Soup version 0.29.1-12-g30fa7ad0bf (webtiles) character file.

Game seed: 12365018143372661726

28 ChrisAssaf the Firebug (level 3, -6/21 HPs)
             Began as a Human Fire Elementalist on Dec 16, 2022.
             Was a Follower of Hepliaklqana.
             Killed by divine providence
             ... invoked by an orc priest
              (14 damage)
             ... on level 2 of the Dungeon.
             The game lasted 00:10:41 (2262 turns).

ChrisAssaf the Firebug (Human Fire Elementalist)    Turns: 2262, Time: 00:10:41

Health: -6/21      AC:  3    Str:  8    XL:     3   Next: 27%
Magic:  6/6        EV: 12    Int: 17    God:    Hepliaklqana [*.....]
Gold:   101        SH:  0    Dex: 13    Spells: 0/6 levels left

rFire   . . .      SeeInvis .   i - +1 sling
rCold   . . .      Faith    .   (no shield)
rNeg    . . .      Spirit   .   a - +1 robe
rPois   .          Reflect  .   (no helmet)
rElec   .          Harm     .   (no cloak)
rCorr   .          Rampage  .   (no gloves)
Will    .....                   (no boots)
Stlth   ++........              (no amulet)
HPRegen 0.07/turn               (no ring)
MPRegen 0.10/turn               (no ring)

@: brilliant, hasted, invisible, very quick
A: reduced essence
a: Renounce Religion, Recall Ancestor, Ancestor Identity


You were on level 2 of the Dungeon.
You worshipped Hepliaklqana.
Hepliaklqana was aware of your devotion.
You visited 1 branch of the dungeon, and saw 2 of its levels.

You collected 101 gold pieces.

Inventory:

Hand Weapons
 i - a +1 sling (weapon)
Armour
 a - a +1 robe (worn)
Scrolls
 c - 4 scrolls of summoning


   Skills:
 * Level 0.2 Armour
 * Level 2.2 Dodging
 * Level 2.1 Stealth
 * Level 2.3 Spellcasting
 * Level 1.3 Conjurations
 * Level 3.4 Fire Magic


You couldn't memorise any spells.
You knew the following spells:

 Your Spells              Type           Power      Damage    Failure   Level
a - Foxfire               Conj/Fire      60%        2x1d7     7%          1
b - Scorch                Fire           40%        2d7       7%          2
c - Inner Flame           Hex/Fire       11%        N/A       26%         3

Your spell library contained the following spells:

 Spells                   Type           Power      Damage    Failure   Level
 Magic Dart               Conj           36%        1d4       11%         1
 Conjure Flame            Conj/Fire      15%        6-21      22%         3
 Call Imp                 Summ           2%         N/A       28%         2
 Mephitic Cloud           Conj/Pois/Air  5%         N/A       43%         3
 Flame Wave               Conj/Fire      15%        2d7       56%         4
 Animate Armour           Summ/Erth      4%         N/A       88%         4
 Blade Hands              Tmut           1%         N/A       99%         5
 Iron Shot                Conj/Erth      3%         9d2       100%        6


Dungeon Overview and Level Annotations

Branches:
Dungeon (2/15)

Altars:
Hepliaklqana


Message History

You cannot tell which god this altar belongs to.
Convert to them anyway?
Hepliaklqana accepts your prayer! Hepliaklqana welcomes you!
Hepliaklqana forms a fragment of your life essence into the memory of your ancestor, Fikile!
You can now recall your ancestor.
You can now remember your ancestor's identity.
You enter the shallow water.
Moving in this stuff is going to be slow.
Remember Fikile's name as what?
Raya Yes, Raya is definitely a better name.
Was Raya a) male, b) female, or c) neither? (Currently neither.) Raya was always female, you're pretty sure.
Found a stone staircase leading down.
You swap places.
Okay, then.
Casting: Scorch (safe; 7% risk of failure)
Confirm with . or Enter, or press ? or * to list all spells.
You can't see any susceptible monsters within range! (Use Z to cast anyway.) Unknown command.
Fire: i) +1 sling
Press: ? - help, Q - select action, (/) - cycle Shift-Dir - straight line, f - orc
Aim: an orc, wielding a +0 hand axe (wandering, hasn't noticed you, 54% to hit)
You shoot a sling bullet. The orc shouts!
The orc priest shouts!
The sling bullet hits the orc.
The orc is severely wounded.
The orc priest invokes the aid of Beogh against you.
Beogh smites you!
Ouch! That really hurt!
The orc shouts!
It was a potion of invisibility.
You fade into invisibility!
It was a potion of brilliance.
You feel clever all of a sudden.
It was a potion of haste.
You feel yourself speed up.
The orc priest invokes the aid of Beogh against you.
Beogh smites you!
Ouch! That really hurt!
You die...

.####.#####.######## #...# #
.# #.#####........# #...# #
.# ........#......# #...# #
.#
...............#####...######
.#
......##)...............>....
##
......................)......
#
......#......................
#
......#...R...######...######
# .....oo.....@## #...# #
#.....o####.## #...# # .####.
#.# #...# .o .. ..# #...##
#.## ##. #### #....# .o.o
######.## #^# #.......# ..#
#########.#####.# # ###
#......##.# #.# #


You could see the friendly Raya the ancestor, an orc priest (unable to see you,
ally target) and 2 orcs.

Vanquished Creatures
  A dart slug (D:2)
  2 ball pythons
  2 endoplasms (D:2)
  A giant cockroach (D:1)
  2 goblins
  4 hobgoblins
  2 kobolds (D:2)
  2 quokkas
  4 bats
  2 frilled lizards (D:2)
22 creatures vanquished.

Vanquished Creatures (others)
  19 foxfires
  A plant (D:2)
  4 toadstools (D:1)
24 creatures vanquished.

Grand Total: 46 creatures vanquished

Notes
Turn   | Place    | Note
-------+----------+-------------------------------------------
     0 | D:1      | ChrisAssaf the Human Fire Elementalist began the quest for
                  | the Orb.
     0 | D:1      | Reached XP level 1. HP: 13/13 MP: 3/3
   701 | D:1      | Reached XP level 2. HP: 19/19 MP: 1/5
   704 | D:1      | Learned a level 2 spell: Scorch
  1673 | D:2      | Reached XP level 3. HP: 24/24 MP: 1/6
  1677 | D:2      | Learned a level 3 spell: Inner Flame
  2086 | D:2      | Found a faded altar of an unknown god.
  2095 | D:2      | Prayed at the altar of an unknown god.
  2095 | D:2      | Became a worshipper of Hepliaklqana the Forgotten
  2095 | D:2      | Reached * piety under Hepliaklqana
  2262 | D:2      | Killed from afar by an orc priest

Illustrated notes

Levels and vault maps discovered:
D:1:      ldierk_walled_garden_2, layout_basic
D:2:      layout_loops_cross, dreamdust_ecumenical_altar_hidden_monk_grotto

Action                   || total
-------------------------++-------
 Fire: Sling             ||     5
 Cast: Foxfire           ||    12
       Scorch            ||    16
Invok: Ancestor Identity ||     1
  Use: Scroll            ||     7
       Potion            ||     4
Armor: Robe              ||     5
Dodge: Dodged            ||    22
